 Dungeon Crawl Stone Soup version 0.28.0 (webtiles) character file.

Game seed: 11242706276714646984

1663 Shmal the Cleaver (level 8, -5/74 HPs)
             Began as a Minotaur Fighter on Feb 16, 2022.
             Slain by a vampire (7 damage)
             ... on level 6 of the Dungeon.
             The game lasted 00:07:06 (5080 turns).

Shmal the Cleaver (Minotaur Fighter)                Turns: 5080, Time: 00:07:06

Health: -5/74      AC:  7    Str: 22    XL:     8   Next: 69%
Magic:  7/7        EV: 10    Int:  5    God:
Gold:   363        SH:  5    Dex: 11    Spells: 7/7 levels left

rFire   . . .      SeeInvis .   p - +2 hand axe (flame)
rCold   . . .      Faith    .   c - +0 buckler
rNeg    . . .      Spirit   .   b - +0 scale mail
rPois   .          Reflect  .   (helmet restricted)
rElec   .          Harm     .   (no cloak)
rCorr   .          Rampage  .   (no gloves)
Will    .....                   (no boots)
Stlth   ..........              o - amulet of regeneration
HPRegen 1.02/turn               (no ring)
MPRegen 0.10/turn               (no ring)

@: no status effects
A: horns 2, retaliatory headbutt
a: no special abilities


You were on level 6 of the Dungeon.
You visited 1 branch of the dungeon, and saw 6 of its levels.
You also visited: Ossuary.

You collected 363 gold pieces.

Inventory:

Hand Weapons
 p - a +2 hand axe of flaming (weapon)
Armour
 b - a +0 scale mail (worn)
 c - a +0 buckler (worn)
Jewellery
 o - an amulet of regeneration (around neck)
Wands
 n - a wand of iceblast (9)
Scrolls
 h - 4 scrolls of vulnerability {unknown}
 i - a scroll of magic mapping {unknown}
 j - 6 scrolls of identify {unknown}
 m - a scroll of noise {unknown}
 r - 3 scrolls of immolation {unknown}
 s - 2 scrolls of teleportation {unknown}
 t - 3 scrolls of enchant weapon {unknown}
 x - a scroll of blinking {unknown}
Potions
 a - a potion of cancellation {unknown}
 d - 3 potions of might
 e - 3 potions of attraction {unknown}
 f - a potion of ambrosia {unknown}
 g - a potion of degeneration {unknown}
 k - a potion of lignification {unknown}
 l - a potion of haste {unknown}
 q - 3 potions of curing
 u - a potion of invisibility {unknown}
 v - a potion of resistance {unknown}
 w - a potion of flight {unknown}
 z - a potion of berserk rage {unknown}
 A - a potion of heal wounds {unknown}


   Skills:
 * Level 8.2 Fighting
 + Level 8.3 Axes
 - Level 6.0 Armour
 * Level 3.0 Dodging
 - Level 6.0 Shields


You had 7 spell levels left.
You didn't know any spells.
Your spell library contained the following spells:

 Spells                   Type           Power      Damage    Failure   Level
 Pain                     Necr           0%         1d4       86%         1
 Agony                    Necr           0%         N/A       100%        5
 Excruciating Wounds      Necr           0%         N/A       100%        5


Dungeon Overview and Level Annotations

Branches:
Dungeon (6/15)            Ossuary (visited)
 Temple: D:4-7

Altars:
Dithmenos
Elyvilon
Fedhas
Kikubaaqudgha
Makhleb
Sif Muna
Xom
Zin


Innate Abilities, Weirdness & Mutations

You have a pair of horns on your head.
You reflexively headbutt those who attack you in melee.


Message History

The hound barks!
You're too confused to move!
The vampire hits you!
The vampire bites you but does no damage.
You feel less confused.
You barely miss the vampire.
The vampire is heavily damaged.
The vampire hits you but does no damage.
You block the vampire's attack. The vampire draws life force from you!
* * * LOW HITPOINT WARNING * * *
The vampire is healed by the life force!
The hound bites you but does no damage.
The vampire mumbles some strange words.
The vampire flickers and vanishes!
Deactivating autopickup; reactivate with Ctrl-A.
There is a stone staircase leading up, spattered with blood here.
The hound misses you. The hound bites you but does no damage.
Something hits you but does no damage. Something bites you!
* * * LOW HITPOINT WARNING * * *
Something draws strength from your injuries!
You climb upwards.
Reactivating autopickup.
There is a stone staircase leading down here.
Something hits you.
* * * LOW HITPOINT WARNING * * *
Deactivating autopickup; reactivate with Ctrl-A.
Something bites you but does no damage.
You climb downwards.
Reactivating autopickup.
There is a stone staircase leading up, spattered with blood here.
You now have 363 gold pieces (gained 13).
You block something's attack.
Deactivating autopickup; reactivate with Ctrl-A.
Something bites you.
* * * LOW HITPOINT WARNING * * *
Something draws strength from your injuries!
Something hits you!
* * * LOW HITPOINT WARNING * * *
Something bites you!
You die...

....... .... #
#....>.##+#..##.#
................
#............#
.............#
+###..<.....#
.............##.##
..........{.......
.........@..######
............+
#.#.###.....# ....
......... .#
###.###.### #. .#
#. .# #. .#


There were no monsters in sight!

Vanquished Creatures
  A centaur (D:5)
  2 phantoms
  12 scorpions
  A howler monkey (D:2)
  2 centaur zombies
  6 human zombies (Ossuary)
  A jelly (D:5)
  An orc priest (D:5)
  2 scorpion zombies (Ossuary)
  An iguana (D:5)
  A hound skeleton (D:3)
  3 mummies (Ossuary)
  9 adders
  7 gnolls
  An adder skeleton (D:4)
  3 worms
  3 dart slugs
  9 orcs
  8 ball pythons
  5 endoplasms
  7 giant cockroaches
  5 hobgoblins
  10 kobolds
  7 quokkas
  7 bats
  4 frilled lizards
  14 goblins
  2 goblin zombies (Ossuary)
  A hobgoblin zombie (Ossuary)
  A kobold zombie (Ossuary)
  4 orc zombies (Ossuary)
  4 rats
144 creatures vanquished.

Vanquished Creatures (others)
  2 plants (D:1)
2 creatures vanquished.

Grand Total: 146 creatures vanquished

Notes
Turn   | Place    | Note
-------+----------+-------------------------------------------
     0 | D:1      | Shmal the Minotaur Fighter began the quest for the Orb.
     0 | D:1      | Reached XP level 1. HP: 19/19 MP: 0/0
   168 | D:1      | Found a faded altar of an unknown god.
   170 | D:1      | Reached XP level 2. HP: 27/27 MP: 1/1
   983 | D:2      | Reached XP level 3. HP: 33/34 MP: 2/2
  1154 | D:2      | Reached XP level 4. HP: 32/41 MP: 3/3
  1904 | D:3      | Found a shimmering blue altar of Sif Muna.
  2043 | D:3      | Reached XP level 5. HP: 47/47 MP: 4/4
  2353 | D:3      | Reached skill level 5 in Fighting
  2552 | D:3      | Found a burning altar of Makhleb.
  2651 | D:3      | Found a white marble altar of Elyvilon.
  2738 | D:3      | Found an ancient bone altar of Kikubaaqudgha.
  2962 | D:3      | Found a glowing silver altar of Zin.
  2962 | D:3      | Found a blossoming altar of Fedhas.
  2964 | D:3      | Found a shimmering blue altar of Sif Muna.
  2964 | D:3      | Found a glowing silver altar of Zin.
  2964 | D:3      | Found a shimmering altar of Xom.
  3146 | D:4      | Reached XP level 6. HP: 29/56 MP: 5/5
  3336 | D:4      | Reached skill level 5 in Axes
  3466 | D:4      | Reached skill level 5 in Armour
  3611 | D:5      | Entered Level 5 of the Dungeon
  3622 | D:5      | Reached skill level 5 in Shields
  3815 | D:5      | Found a sand-covered staircase.
  3832 | Ossuary  | Entered an ossuary
  3845 | Ossuary  | Reached XP level 7. HP: 62/62 MP: 6/6
  4073 | Ossuary  | Reached skill level 1 in Dodging
  4134 | Ossuary  | Reached XP level 8. HP: 54/71 MP: 7/7
  4474 | D:5      | Found a shadowy altar of Dithmenos.
  5080 | D:6      | HP: 2/74 [something (8)]
  5080 | D:6      | Slain by a vampire

Illustrated notes

Levels and vault maps discovered:
D:1:      lightli_arrival_chessboard, layout_basic,
          dreamdust_ecumenical_altar_grove, minmay_statues_item
D:2:      layout_rooms, minmay_hexomino_c4
D:3:      layout_basic, lemuel_round_altar, amcnicky_altar_gilded,
          doesnt_xom_only_xom, elyvilon_altar_3
D:4:      layout_cave_pools, hangedman_abyss_or_decor_stagger
D:5:      layout_loops_ring, grunt_dithmenos_smoke,
          nicolae_ossuary_entry_false_entrances, minmay_crossroads
D:6:      corexii_shantytown, layout_basic, minmay_temple_entry_slanted,
          uniq_sigmund

Skill      XL: |  1  2  3  4  5  6  7  8 |
---------------+-------------------------+-----
Fighting       | 4 5 6 8 |  8.2
Shields        | 4 5 6 |  6.0
Armour         | 4 5 6 |  6.0
Axes           | 3 4 5 6 8 |  8.3
Dodging        | 1 3 |  3.0

Action                   |  1- 3 |  4- 6 |  7- 9 || total
-------------------------+-------+-------+-------++-------
Melee: War axe           |    90 |   137 |       ||   227
       Headbutt          |     6 |    22 |    30 ||    58
       Hand axe          |       |    42 |   144 ||   186
Armor: Scale mail        |    50 |    75 |    60 ||   185
Dodge: Dodged            |    44 |    99 |    54 ||   197
Block: Buckler           |    15 |    49 |    32 ||    96
